AoeStats
← christar123 ten

Oasis

509696235Analyzed
4v4 RM · 5d ago on Sep 27, 2026· 23m 13s· 8 players
Game mode
Random Map
Map size
Large (8 player)
Population
200
Speed
Normal
Resources
Standard
Victory
Conquest
Starting age
Dark Age
Ending age
Imperial Age
RankedLock teamsTeams togetherTeam positionsShared explorationLock speedFull tech treeHidden civsTurbo modeCheats
Victory
Defeat
🇳🇱 Khitans · Netherlands
1456
+14
🇬🇧 Varangians · United Kingdom
1420
+16
🇷🇺 Ethiopians · Russia
1414
+16
🇳🇱 Franks · Netherlands
1375
+17
🇩🇪 Varangians · Germany
1503
-19
🇩🇪 Maya · Germany
1461
-18
🇩🇪 Vietnamese · Germany
1365
-14
🇩🇪 Britons · Germany
1315
-12
VesperalCamp546
5:18 Loom
9:29 Feudal Age
10:03 Double-Bit Axe
13:44 Forging
18:24 Scale Barding Armor
18:37 Domestication
25:04 Castle Age
christar123 ten
6:32 Loom
6:40 Loom
8:45 Feudal Age
9:38 Double-Bit Axe
10:18 Horse Collar
19:02 Castle Age
18:25 Forging
20:17 Bow Saw
19:28 Light Cavalry
20:27 Heavy Plow
20:50 Husbandry
23:35 Bloodlines
JustPlayer
7:47 Loom
10:22 Feudal Age
11:20 Double-Bit Axe
16:39 Horse Collar
18:11 Fletching
24:13 Castle Age
22:21 Gold Mining
Firestorm
7:40 Loom
10:08 Feudal Age
10:45 Double-Bit Axe
14:02 Forging
16:28 Scale Barding Armor
21:16 Castle Age
22:24 Chain Barding Armor
22:40 Iron Casting
22:35 Bow Saw
23:09 Wheelbarrow
23:19 Gold Mining
DIV_Luminos
3:40 Loom
10:38 Feudal Age
12:28 Horse Collar
21:51 Scale Mail Armor
Fliewa
6:40 Loom
9:26 Feudal Age
10:53 Horse Collar
15:13 Double-Bit Axe
17:09 Bloodlines
17:38 Scale Barding Armor
20:41 Forging
21:43 Wheelbarrow
gardensalad
0:35 Loom
10:06 Feudal Age
10:53 Double-Bit Axe
15:23 Fletching
21:21 Wheelbarrow
23:44 Castle Age
21:34 Horse Collar
22:20 Padded Archer Armor
ListigerLurch
9:40 Feudal Age
7:58 Loom
9:43 Feudal Age
14:18 Double-Bit Axe
14:15 Horse Collar
22:19 Castle Age
22:27 Fletching
22:37 Padded Archer Armor
22:29 Crossbowman
Connection lost

Rejoining the realm…

Still unreachable

The connection could not be restored.

Session expired

The server has moved on; the page needs a fresh start.